AoeStats
← Alexspiration

Nomad

507968351Analyzed
4v4 RM · 13d ago on Sep 20, 2026· 36m 51s· 8 players
Game mode
Random Map
Map size
231×231
Population
200
Speed
Normal
Resources
Standard
Victory
Conquest
Starting age
Dark Age
Ending age
Imperial Age
RankedLock teamsTeams togetherTeam positionsShared explorationLock speedFull tech treeHidden civsTurbo modeCheats
Victory
Defeat
🇭🇰 Persians · Hong Kong SAR China
1641
+13
🇩🇪 Turks · Germany
1553
+17
🇨🇳 Armenians · China
1543
+17
🇩🇪 Spanish · Germany
1514
+19
🇵🇱 Burgundians · Poland
1609
-18
🇪🇸 Vikings · Spain
1608
-18
🇩🇪 Maya · Germany
1571
-16
🇩🇪 Bengalis · Germany
1509
-14
Theverat
9:13 Loom
13:00 Feudal Age
13:54 Town Watch
14:26 Double-Bit Axe
15:48 Fletching
16:15 Horse Collar
21:36 Castle Age
20:42 Scale Mail Armor
21:09 Gold Mining
22:12 Crossbowman
22:56 Padded Archer Armor
23:33 Bodkin Arrow
34:28 Padded Archer Armor
ForeveR
4:41 Loom
13:33 Feudal Age
17:21 Castle Age
15:21 Double-Bit Axe
15:18 Horse Collar
16:20 Bow Saw
16:23 Heavy Plow
17:41 Scale Barding Armor
18:27 Gold Mining
23:19 Wheelbarrow
23:58 Husbandry
23:19 Cavalier
24:24 Forging
25:52 Hand Cart
27:11 Chain Barding Armor
33:48 Imperial Age
31:57 Fletching
32:35 Herbal Medicine
35:01 Paladin
jdac
5:17 Loom
12:21 Feudal Age
12:55 Town Watch
16:52 Double-Bit Axe
19:03 Fletching
23:31 Castle Age
23:36 Padded Archer Armor
24:28 Bodkin Arrow
26:50 Bow Saw
27:14 Fishing Lines
30:00 Elite Skirmisher
31:24 Ballistics
31:21 Leather Archer Armor
31:40 Gillnets
Alexspiration
4:27 Loom
13:14 Feudal Age
17:12 Castle Age
15:00 Fishing Lines
16:00 Fletching
16:07 Gold Mining
16:58 Double-Bit Axe
18:06 Medium Warships
18:29 Bodkin Arrow
22:26 Horse Collar
26:39 Town Watch
33:40 Wheelbarrow
OmegaJ256
13:50 Feudal Age
17:16 Castle Age
15:22 Double-Bit Axe
17:24 Forging
18:00 Bow Saw
18:07 Medium Warships
18:23 Scale Barding Armor
22:09 Chain Barding Armor
21:39 Horse Collar
25:55 Wheelbarrow
26:31 Fishing Lines
27:25 Bloodlines
32:51 Imperial Age
33:22 Hand Cart
32:33 Cavalier
33:54 Plate Barding Armor
34:21 Husbandry
34:43 Savar
36:11 Iron Casting
38:10 Blast Furnace
37:39 Guilds
海的盒子
5:00 Loom
15:05 Feudal Age
15:33 Double-Bit Axe
20:23 Castle Age
18:29 Gold Mining
18:26 Fishing Lines
19:23 Fletching
20:58 Gillnets
21:19 Bow Saw
20:39 Pikeman
22:36 Bodkin Arrow
22:33 Stone Mining
27:00 Wheelbarrow
32:55 Imperial Age
31:03 Horse Collar
31:24 Scale Mail Armor
32:32 Chain Mail Armor
32:23 Squires
33:11 Halberdier
34:30 Bracer
36:22 Plate Mail Armor
36:14 Ballistics
37:33 Forging
Sternburg Export
11:00 Loom
13:08 Feudal Age
17:16 Castle Age
16:01 Loom
16:56 Double-Bit Axe
17:37 Fishing Lines
21:33 Gillnets
31:10 Bloodlines
32:54 Wheelbarrow
32:04 Horse Collar
32:52 Padded Archer Armor
33:32 Fletching
37:13 Imperial Age
35:10 Leather Archer Armor
35:53 Gold Mining
35:53 Stone Mining
36:04 Bodkin Arrow
37:09 Bow Saw
DonDanileau
10:10 Loom
12:41 Feudal Age
19:20 Fletching
25:22 Castle Age
31:52 Horse Collar
35:45 Wheelbarrow
39:34 Imperial Age
37:16 Padded Archer Armor
Connection lost

Rejoining the realm…

Still unreachable

The connection could not be restored.

Session expired

The server has moved on; the page needs a fresh start.